 Dungeon Crawl Stone Soup version 0.29-a0-334-gb41bcbb86e (webtiles) character file.

Game seed: 16340737597006868845

114 Antichthon the Chopper (level 4, -5/39 HPs)
             Began as a Naga Warper on Apr 16, 2022.
             Killed by divine providence
             ... invoked by an orc priest
              (11 damage)
             ... on level 3 of the Dungeon.
             The game lasted 00:02:48 (3421 turns).

Antichthon the Chopper (Naga Warper)                Turns: 3421, Time: 00:02:49

Health: -5/39      AC:  3    Str: 13    XL:     4   Next: 98%
Magic:  7/7        EV:  9    Int: 14    God:
Gold:   67         SH:  0    Dex: 12    Spells: 2/7 levels left

rFire   . . .      SeeInvis +   a - +0 hand axe
rCold   . . .      Faith    .   (no shield)
rNeg    . . .      Spirit   .   l - +0 leather armour
rPois   +          Reflect  .   m - +0 helmet
rElec   .          Harm     .   (no cloak)
rCorr   .          Rampage  .   (no gloves)
Will    .....                   (no barding)
Stlth   +.........              (no amulet)
HPRegen 0.13/turn               (no ring)
MPRegen 0.10/turn               (no ring)

@: short of breath, very slow
A: AC +1, large, see invisible, deformed body, poison resistance, slowness 2,
spit poison 1, naga tail 1
a: Spit Poison


You were on level 3 of the Dungeon.
You visited 1 branch of the dungeon, and saw 3 of its levels.

You collected 67 gold pieces.

Inventory:

Hand Weapons
 a - a +0 hand axe (weapon)
 b - a +0 hunting sling
Missiles
 d - 7 boomerangs of dispersal (quivered)
 n - 2 boomerangs
Armour
 l - a +0 leather armour (worn)
 m - a +0 helmet (worn)
Jewellery
 o - a ring of magical power
Scrolls
 c - a scroll of blinking
 f - a scroll of summoning {unknown}
 g - a scroll of fog {unknown}
 h - 3 scrolls of teleportation {unknown}
 i - a scroll of holy word {unknown}
 k - a scroll of fear {unknown}
 p - 2 scrolls of amnesia {unknown}
 q - a scroll of magic mapping {unknown}
 t - a scroll of enchant armour {unknown}
Potions
 e - a potion of magic {unknown}
 j - a potion of curing {unknown}
 r - a potion of degeneration {unknown}
 s - a potion of ambrosia {unknown}


   Skills:
 - Level 2.0 Fighting
 + Level 5.0 Axes
 - Level 0.8 Throwing
 - Level 0.7 Armour
 - Level 1.5 Dodging
 - Level 2.0 Spellcasting
 - Level 3.0 Translocations


You had 2 spell levels left.
You knew the following spells:

 Your Spells              Type           Power      Damage    Failure   Level
a - Blink                 Tloc           18%        N/A       13%         2
b - Teleport Other        Tloc           9%         N/A       26%         3

Your spell library contained the following spells:

 Spells                   Type           Power      Damage    Failure   Level
 Gell's Gravitas          Tloc           9%         N/A       26%         3
 Lesser Beckoning         Tloc           9%         N/A       26%         3
 Manifold Assault         Tloc           9%         N/A       94%         5


Dungeon Overview and Level Annotations

Branches:
Dungeon (3/15)

Altars:
Wu Jian


Innate Abilities, Weirdness & Mutations

Your serpentine skin is tough. (AC +1)
You have supernaturally acute eyesight. (SInv)
Armour fits poorly on your strangely shaped body.
Your system is resistant to poisons. (rPois)
You cover ground very slowly.
You can spit poison.
You have a snake-like lower body.


Message History

The bat hits you but does no damage. x4
You hit the bat.
You kill the bat!
You see here a bat corpse.
An orc priest comes into view. It is wielding a +0 short sword.
Found a scroll labelled FEQUMP XUTU and 9 gold pieces.
The orc priest shouts!
You hear a shout! x2
An orc priest comes into view. It is wielding a +0 trident.
An orc priest comes into view. It is wielding a +0 flail.
The orc priest looks braver for a moment.
The orc priest moves out of view.
The orc priest mumbles some strange prayers to Beogh against you.
Beogh smites you!
The orc priest hits you with a +0 short sword.
The orc priest barely misses you.
You hit the orc priest.
The orc priest is lightly wounded.
The orc priest hits you with a +0 short sword.
You hit the orc priest.
The orc priest is heavily wounded.
The orc priest hits you with a +0 short sword.
You hit the orc priest but do no damage.
The orc priest is heavily wounded.
The orc priest hits you with a +0 short sword.
You hit the orc priest.
The orc priest is severely wounded.
The orc priest closely misses you.
Aiming: Spit Poison (1% risk of failure)
Press: ? - help, Shift-Dir - straight line, f - orc priest
Aim: an orc priest, wielding a +0 short sword (severely wounded, 59% to hit)
The splash of poison hits the orc priest!
The orc priest is poisoned.
You kill the orc priest!
The orc priest invokes the aid of Beogh against you.
Pain shoots through your body!
* * * LOW HITPOINT WARNING * * *
Your Axes skill increases to level 5!
The orc priest invokes the aid of Beogh against you.
Beogh smites you!
You die...

...
#.##....$.###.#.#
# #.##...#? # #.#
#.#.##..... #.#
o####.#.##..#. #.#
o...........# #.#
#.# #.# #.# #.#
#o# #.# #@# ###.#
#.# #...# #.#
..##.#.# #.#
...#.#.#
#.########..#.#.#
#.......# ..#.#.##
#.......# ..#.#.#.
#.......# #.#.#.#.
#.#########.#.#.#.


You could see an orc priest.

Vanquished Creatures
  An orc priest (D:3)
  3 adders
  A dart slug (D:2)
  4 ball pythons
  6 endoplasms
  2 giant cockroaches
  6 goblins
  2 hobgoblins (D:2)
  5 jackals
  3 quokkas
  9 bats
  A frilled lizard (D:1)
  5 kobolds
  3 rats
51 creatures vanquished.

Notes
Turn   | Place    | Note
-------+----------+-------------------------------------------
     0 | D:1      | Antichthon the Naga Warper began the quest for the Orb.
     0 | D:1      | Reached XP level 1. HP: 19/19 MP: 3/3
   520 | D:1      | Reached XP level 2. HP: 19/26 MP: 5/5
   985 | D:1      | You fall into a shaft and drop 1 floor!
   988 | D:2      | Reached skill level 3 in Axes
  1873 | D:2      | Reached XP level 3. HP: 30/32 MP: 6/6
  1897 | D:2      | Learned a level 2 spell: Blink
  1901 | D:2      | Learned a level 3 spell: Teleport Other
  1938 | D:2      | Reached skill level 4 in Axes
  2391 | D:2      | Reached XP level 4. HP: 34/39 MP: 7/7
  2730 | D:2      | Found an ornate altar of the Wu Jian Council.
  3421 | D:3      | Reached skill level 5 in Axes
  3421 | D:3      | Killed from afar by an orc priest

Illustrated notes

Levels and vault maps discovered:
D:1:      saegor_arrival_under_anarchy, layout_basic, minmay_misc_feat_tiny,
          minivault_23
D:2:      layout_loops_ring, basic_altar, minmay_octomino_c4
D:3:      layout_basic, shapermc_ecumenical_altar_mp_highgroup

Skill      XL: |  1  2  3  4 |
---------------+-------------+-----
Axes           | 3 4 5 |  5.0
Fighting       | |  2.0
Throwing       | |  0.8
Armour         | |  0.7
Dodging        | |  1.5
Spellcasting   | |  2.0
Translocations | |  3.0

Action                   |  1- 3 |  4- 6 || total
-------------------------+-------+-------++-------
Melee: Hand axe          |   103 |    63 ||   166
 Abil: Spit Poison       |    10 |     5 ||    15
 Stab: Sleeping          |       |     2 ||     2
Armor: Leather armour    |    39 |    29 ||    68
Dodge: Dodged            |    59 |    30 ||    89

Table legend: (Time is in decaauts)
 A = Elapsed time spent in this place.
 B = Non-inter-level travel time spent in this place.
 C = Inter-level travel time spent in this place.
 D = Time resting spent in this place.
 E = Time spent auto-exploring this place.
 F = Levels seen in this place.
 G = Mean time per level.
                   A        B        C        D        E       F      G
               +--------+--------+--------+--------+--------+-----+--------+
         Total |   4178 |   4066 |    112 |      0 |   3542 |   3 | 1392.7 |
       Dungeon |   4178 |   4066 |    112 |      0 |   3542 |   3 | 1392.7 |
               +--------+--------+--------+--------+--------+-----+--------+

Top non-repeatable levels by time:
     D:1: 1718 daAuts
     D:2: 1643 daAuts
     D:3: 816 daAuts
